 Dungeon Crawl Stone Soup version 0.24.0-123-gd5b16e6ec5 (webtiles) character file.

Game seed: 413197028828341719, levelgen mode: deterministic

30 McKennaii the Conjurer (level 3, -5/26 HPs)
             Began as a Draconian Conjurer on Jan 28, 2020.
             Slain by Sigmund
             ... wielding a +1 scythe of slicing
              (10 damage)
             ... on level 2 of the Dungeon.
             The game lasted 00:03:01 (1661 turns).

McKennaii the Conjurer (Draconian Conjurer)         Turns: 1661, Time: 00:03:01

Health: -5/26      AC:  5    Str: 10    XL:     3   Next: 5%
Magic:  1/6        EV: 12    Int: 16    God:
Gold:   102        SH:  0    Dex: 11    Spells: 6/7 levels left

rFire    . . .     SeeInvis .   (no weapon)
rCold    . . .     Gourm    .   (no shield)
rNeg     . . .     Faith    .   (armour unavailable)
rPois    .         Spirit   .   (helmet restricted)
rElec    .         Reflect  .   (no cloak)
rCorr    .         Harm     .   (no gloves)
MR       ++...                  (no boots)
Stlth    ++........             (no amulet)
HPRegen  0.08/turn              e - ring of protection from magic
MPRegen  0.10/turn              j - ring of protection from magic

@: flying, very slightly contaminated
A: unfitting armour, cold-blooded, AC +5
a: no special abilities


You were on level 2 of the Dungeon.
You were near starving.

You visited 1 branch of the dungeon, and saw 2 of its levels.

You collected 102 gold pieces.

Inventory:

Jewellery
 d - an uncursed ring of positive energy
 e - a ring of protection from magic (left hand)
 j - a ring of protection from magic (right hand)
Scrolls
 k - a scroll of identify {unknown}
Potions
 f - a potion of curing
Comestibles
 b - 4 rations


   Skills:
 + Level 1.9 Dodging
 + Level 2.0 Stealth
 * Level 2.5 Spellcasting
 + Level 4.5 Conjurations


You had 6 spell levels left.
You knew the following spells:

 Your Spells              Type           Power        Failure   Level  Hunger
a - Magic Dart            Conj           ###.         3%          1    #......

Your spell library contained the following spells:

 Spells                   Type           Power        Failure   Level  Hunger
 Searing Ray              Conj           ###...       4%          2    ##.....
 Dazzling Spray           Conj/Hex       #.....       24%         3    ###....
 Iskenderun's Mystic Bla  Conj           ###.....     30%         4    #####..
 Force Lance              Conj/Tloc      #.......     61%         4    #####..
 Fulminant Prism          Conj/Hex       #.........   61%         4    #####..


Dungeon Overview and Level Annotations

Branches:
Dungeon (2/15)

Altars:
Ashenzari
Ru

Annotations:
D:2 Sigmund


Innate Abilities, Weirdness & Mutations

Your plain brown scales are hard. (AC +5)
You cannot fit into any form of body armour.
You are cold-blooded and may be slowed by cold attacks.


Message History

The magic dart hits you!
* * * LOW HITPOINT WARNING * * *
You feel better.
You see here a chain mail.
There is a stone staircase leading up here.
A magic dart appears from out of thin air!
The magic dart hits you!
* * * LOW HITPOINT WARNING * * *
Casting: Magic Dart (safe; 3% risk of failure)
Confirm with . or Enter, or press ? or * to list all spells.
Aiming: Magic Dart (safe; 3% risk of failure)
Press: ? - help, Shift-Dir - straight line The magic dart hits something.
Casting: Magic Dart (safe; 3% risk of failure)
Confirm with . or Enter, or press ? or * to list all spells.
Aiming: Magic Dart (safe; 3% risk of failure)
Press: ? - help, Shift-Dir - straight line The magic dart hits something but does no damage.
Something hits you!
You die...

#.#.####.# #.#
#.#.####.###.#
#...[.....##.#####
#...####.........#
#...# #.###.###.#
#...# #.# #.###.##
#..<####.###......##
#...................
#..$..[..<..@.P..P..
#.!..###...##.........
. #.####
#.###..P......P # #.
#.# #.......... # #.#
...........
#......P......P
######.........
#...P..P..


There were no monsters in sight!

Vanquished Creatures
  An adder (D:2)
  A dart slug (D:1)
  A leopard gecko (D:1)
  A ball python (D:1)
  A giant cockroach (D:1)
  3 goblins (D:1)
  3 bats
  3 frilled lizards (D:1)
  4 kobolds
  2 rats (D:1)
20 creatures vanquished.

Notes
Turn   | Place    | Note
-------+----------+-------------------------------------------
     0 | D:1      | McKennaii the Draconian Conjurer began the quest for the
                  | Orb.
     0 | D:1      | Reached XP level 1. HP: 14/14 MP: 3/3
    60 | D:1      | Found a shattered altar of Ashenzari.
   236 | D:1      | Reached XP level 2. HP: 20/20 MP: 3/5
  1187 | D:2      | Reached XP level 3. HP: 26/26 MP: 1/6
  1459 | D:2      | Found a sacrificial altar of Ru.
  1555 | D:2      | Noticed Sigmund
  1661 | D:2      | Slain by Sigmund

Levels and vault maps discovered:
D:1:      elethiomel_arrival_quiet, layout_loops_ring, grunt_decor_one_mirror,
          minmay_misc_feat_roman, chequers_mini_garden, evilmike_ruin_ashenzari
D:2:      layout_loops_ring, old_standard_altar, minmay_misc_feat_plants,
          uniq_sigmund

Skill      XL: |  1  2 |
---------------+-------+-----
Stealth        | 2 |  2.0
Dodging        | |  1.9
Spellcasting   | |  2.5
Conjurations   | |  4.5

Action                   || total
-------------------------++-------
Melee: Unarmed           ||     9
       Tailslap          ||     2
 Cast: Magic Dart        ||    58
  Use: Scroll            ||     3
       Potion            ||     6
  Eat: Chunk             ||     1
Armor: Skin              ||     5
Dodge: Dodged            ||     6
